 Dungeon Crawl Stone Soup version 0.17.2-1-ge4368a0 (webtiles) character file.

94 magog001 the Sneak (level 4, -1/33 HPs)
             Began as a Vampire Assassin on Oct 27, 2016.
             Was an Initiate of Nemelex Xobeh.
             Slain by a gnoll
             ... wielding a +0 spear
              (5 damage)
             ... on level 3 of the Dungeon.
             The game lasted 00:16:54 (2098 turns).

magog001 the Sneak (Vampire Assassin)               Turns: 2098, Time: 00:16:54

Health: -1/33      AC:  3    Str: 15    XL:     4   Next: 38%
Magic:  4/4        EV: 12    Int: 13    God:    Nemelex Xobeh [......]
Gold:   109        SH:  0    Dex: 16    Spells: 0 memorised, 3 levels left

rFire  . . .     SeeInvis +     a - +2 dagger
rCold  . . .     Clarity  .     c - +0 robe
rNeg   + . .     SustAt   .     (no shield)
rPois  .         Gourm    .     (no helmet)
rElec  .         Spirit   .     d - +0 cloak
rCorr  .         Warding  .     (no gloves)
rMut   .         Stasis   .     (no boots)
MR     .....                    (no amulet)
Stlth  ++++......               (no ring)
                                (no ring)

@: mighty, not resistant to hostile enchantments, stealthy
A: fangs 3, see invisible, unbreathing
a: Bat Form, Renounce Religion


You were on level 3 of the Dungeon.
You worshipped Nemelex Xobeh.
Nemelex Xobeh was noncommittal.
You were not thirsty.

You visited 1 branch of the dungeon, and saw 3 of its levels.

You collected 109 gold pieces.

Inventory:

Hand Weapons
 a - a +2 dagger (weapon)
 b - a +0 blowgun
 j - a +0 whip of venom
 t - a +0 hunting sling
 w - a +3 flail
Missiles
 h - 50 bolts
 i - 66 stones (quivered)
 o - 47 arrows
 v - 16 sling bullets of flame
Armour
 c - a +0 robe (worn)
 d - a +0 cloak (worn)
Scrolls
 n - a scroll of magic mapping
 q - a scroll of remove curse {unknown}
 r - a scroll of noise {unknown}
 y - a scroll of fog {unknown}
Potions
 g - 8 potions of blood
 k - a potion of flight {unknown}
 l - a potion of might
 m - 3 potions of lignification {unknown}
 p - a potion of heal wounds {unknown}
 s - a potion of poison {unknown}
 u - a potion of cancellation {unknown}
 x - a potion of magic {unknown}


   Skills:
 + Level 1.8 Fighting
 + Level 2.4 Short Blades
 + Level 2.3 Throwing
 + Level 1.3 Dodging
 + Level 7.9 Stealth


You had 3 spell levels left.
You didn't know any spells.

Dungeon Overview and Level Annotations

Branches:
Dungeon (3/15)

Altars:
Nemelex Xobeh


Innate Abilities, Weirdness & Mutations

You have razor-sharp teeth.
You have supernaturally acute eyesight.
You can survive without breathing.


Message History

You feel very mighty all of a sudden. The adder bites you but does no damage.
The adder misses you.
a - a +2 dagger (weapon)
You puncture the adder!
You kill the adder!
You hit the goblin.
You kill the goblin!
The gnoll hits you from afar with a spear.
The gnoll misses you.
Things that are here:
a dagger; a stone; a goblin corpse You completely miss the gnoll.
The gnoll hits you from afar with a spear.
* * * LOW HITPOINT WARNING * * *
The gnoll closely misses you.
You puncture the gnoll! Your bite misses the gnoll.
The gnoll is severely wounded.
The gnoll hits you but does no damage. The gnoll hits you with a spear.
You die...
Your body disappears without a glow.

≈≈....(.......≈≈##.#
#≈≈..........≈≈##..#
##≈≈........≈≈###.##
##≈≈......≈≈## #.#
##≈≈≈≈≈≈≈≈## ##.#
########## #..# #g##
# ####### #g#
###.....## #@#
##.......#######.#
.................#
#.........########
#........##
..#.....## #########
# #


You could see 2 gnolls.

Vanquished Creatures
  A gnoll (D:3)
  2 adders (D:3)
  2 oozes
  A worm (D:2)
  2 giant geckos
  6 orcs (D:3)
  2 bats
  3 giant cockroaches
  4 hobgoblins
  2 jackals (D:3)
  2 kobolds
  2 quokkas (D:3)
  5 ball pythons
  3 giant newts
  5 goblins
  8 rats
50 creatures vanquished.

Notes
Turn   | Place    | Note
--------------------------------------------------------------
     0 | D:1      | magog001 the Vampire Assassin began the quest for the Orb.
     0 | D:1      | Reached XP level 1. HP: 16/16 MP: 1/1
   108 | D:1      | Reached skill level 6 in Stealth
   283 | D:1      | Reached XP level 2. HP: 22/22 MP: 2/2
  1047 | D:2      | Reached XP level 3. HP: 24/27 MP: 3/3
  1423 | D:3      | Reached skill level 7 in Stealth
  1967 | D:3      | Found a sparkling altar of Nemelex Xobeh.
  1971 | D:3      | Became a worshipper of Nemelex Xobeh the Trickster
  2040 | D:3      | Reached XP level 4. HP: 33/33 MP: 4/4
  2098 | D:3      | Slain by a gnoll

Action                   |  1- 3 |  4- 6 || total
-------------------------+-------+-------++-------
Melee: Dagger            |     8 |     4 ||    12
 Fire: Blowgun           |    54 |     4 ||    58
Throw: Stone             |       |     1 ||     1
  Use: Potion            |     6 |     1 ||     7
       Scroll            |     1 |       ||     1
 Stab: Sleeping          |    32 |       ||    32
       Distracted        |       |     1 ||     1
